 Dungeon Crawl Stone Soup version 0.31-a0-344-gd109795599 (console) character file.

Game seed: 16759346508415651963

5654 petzl the Covert (level 11, -6/73 (75) HPs)
             Began as a Formicid Delver on July 21, 2023.
             Was a Follower of Vehumet.
             Mangled by a vampire mosquito (7 damage)
             ... on level 12 of the Dungeon.
             The game lasted 00:50:08 (9682 turns).

petzl the Covert (Formicid Delver)                  Turns: 9682, Time: 00:50:08

HP:   -6/73 (75)    AC: 13    Str: 19    XL:     11   Next: 4%
MP:   22/22         EV: 12    Int: 17    God:    Vehumet [*.....]
Gold: 58            SH:  5    Dex: 15    Spells: 20/24 levels left

rFire   + + .        b - +2 arbalest (flame)
rCold   + . .        k - +0 buckler
rNeg    . . .        j - +1 ring mail of Orghiv {rF+ rC+ rCorr Str+3}
rPois   .            (helmet unavailable)
rElec   .            s - +2 cloak {Stlth+}
rCorr   +            v - +0 pair of gloves
SInv    +            n - +0 pair of boots
Will    ++...        (no amulet)
Stlth   ++++         o - ring of Lust {rF+ Will+ Int+2}
HPRegen 0.32/turn    (no ring)
MPRegen 0.18/turn

%: no passive effects
@: lightly drained, invisible
A: permanent stasis, dig shafts and tunnels, antennae 3, four strong arms
a: Dig, Shaft Self, Renounce Religion


You were on level 12 of the Dungeon.
You worshipped Vehumet.
Vehumet was aware of your devotion.
You visited 2 branches of the dungeon, and saw 14 of its levels.

You collected 398 gold pieces.
You spent 340 gold pieces at shops.

Inventory:

Hand Weapons
 a - a +1 rapier of venom
 b - a +2 arbalest of flaming (weapon)
 c - a +0 orcbow
 d - a +2 quarterstaff of chaos
 x - a +2 dagger of freezing {!f =f}
 y - a +2 morningstar of flaming
 C - the +6 dagger of Zeex {flame, Fragile rElec rCorr Int+3, !f =f}
   (You found it on level 4 of the Dungeon)

   Int:       It affects your intelligence (+3).
   rElec:     It insulates you from electricity.
   rCorr:     It protects you from acid and corrosion.
   Fragile:   It will be destroyed if unequipped.
 I - a +2 dagger of draining {!f =f}
 L - a +0 double sword
 S - a +2 hand axe of flaming {!f =f}
Missiles
 l - 96 stones
 t - 24 poisoned darts
 D - 2 throwing nets
 E - 6 javelins
 J - a curare-tipped dart
Armour
 j - the +1 ring mail of Orghiv (worn) {rF+ rC+ rCorr Str+3}
   (You found it on level 5 of the Dungeon)

   Str:       It affects your strength (+3).
   rF:        It protects you from fire.
   rC:        It protects you from cold.
   rCorr:     It protects you from acid and corrosion.
 k - a +0 buckler (worn)
 n - a +0 pair of boots (worn)
 r - a +0 kite shield
 s - a +2 cloak of stealth (worn)
 v - a +0 pair of gloves (worn)
 z - a +0 tower shield
 T - a +1 scale mail of fire resistance
Jewellery
 g - a ring of fire
 o - the ring of Lust (left hand) {rF+ Will+ Int+2}
   (You acquired it on level 7 of the Dungeon)

   [ring of willpower]

   Int:       It affects your intelligence (+2).
   rF:        It protects you from fire.
   Will:      It increases your willpower.
Talismans
 R - a serpent talisman
Wands
 e - a wand of roots (6)
 f - a wand of digging (3)
 u - a wand of flame (25)
 H - a wand of paralysis (7)
 P - a wand of polymorph (2)
Scrolls
 i - 2 scrolls of vulnerability
 m - 3 scrolls of identify
 p - 2 scrolls of poison
 A - a scroll of summoning
 B - 2 scrolls of enchant armour
 K - 3 scrolls of torment
 M - a scroll of revelation
 Q - 2 scrolls of fog
 U - 4 scrolls of amnesia
Potions
 h - a potion of lignification
 q - 2 potions of curing
 G - a potion of resistance
 O - a potion of mutation


   Skills:
 - Level 3.2 Fighting
 - Level 2.0 Maces & Flails
 + Level 4.4 Ranged Weapons
 - Level 6.0 Armour
 - Level 5.0 Dodging
 - Level 9.0 Stealth
 - Level 6.0 Shields
 + Level 7.3 Spellcasting
 + Level 5.7 Conjurations
 + Level 0.4 Necromancy
 * Level 4.2 Earth Magic
 - Level 3.0 Evocations


You had 20 spell levels left.
You knew the following spells:

 Your Spells              Type           Power      Damage    Failure   Level
a - Stone Arrow           Conj/Erth      46%        3d9       9%          3
b - Kiss of Death         Conj/Necr      64%        2d10      6%          1

Your spell library contained the following spells:

 Spells                   Type           Power      Damage    Failure   Level
 Sandblast                Erth           40%        2d10      3%          1
 Static Discharge         Conj/Air       30%        2-4/arc   11%         2
 Passwall                 Tmut/Erth      10%        N/A       14%         2
 Necrotise                Necr           28%        1d5       19%         1
 Apportation              Tloc           12%        N/A       22%         1
 Summon Small Mammal      Summ           24%        N/A       22%         1
 Arcjolt                  Conj/Air       7%         1d17      88%         5
 Airstrike                Air            3%         2d(1-17)  91%         4
 Summon Lightning Spire   Summ/Air       6%         N/A       91%         4
 Maxwell's Capacitive Co  Air            3%         ∞         100%        8
 Vhi's Electric Charge    Tloc/Air       Unusable   N/A       N/A         3

Dungeon Overview and Level Annotations

Branches:
Dungeon (13/15)            Temple (1/1) D:5
   Lair: D:8-11         Orc: D:9-12      Vaults: D:13-14

Altars:
Cheibriados
Dithmenos
Elyvilon
Gozag
Hepliaklqana
Kikubaaqudgha
Makhleb
Nemelex Xobeh
Okawaru
Qazlal
Ru
Trog
Uskayaw
Vehumet
Wu Jian
Xom
Yredelemnul
Zin
The Shining One

Shops:
D:2 !   D:3 (   D:8 ([*?

Annotations:
D:2 exclusion: downstairs
D:7 2 runed translucent doors, exclusion: downstairs, Dowan, Duvessa
D:8 Joseph
D:9 exclusion: downstairs
D:11 Josephine
D:12 exclusions: downstairs and upstairs, Urug


Innate Abilities, Weirdness & Mutations

You cannot be hasted, slowed, berserked, paralysed or teleported.
You can dig through walls and to a lower floor.
You have a pair of large antennae on your head. (SInv)
Your four strong arms can wield two-handed weapons with a shield.


Message History

Unknown command.
Okay, then.
Okay, then.
Okay, then.
You retract your mandibles.
Unknown command.
Unknown command.
You extend your mandibles.
You dig through the rock wall.
You feel drained. The vampire mosquito bites you.
* * * LOW HITPOINT WARNING * * *
The vampire mosquito draws strength from your injuries!
The vampire mosquito bites you!
* * * LOW HITPOINT WARNING * * *
The vampire mosquito draws strength from your injuries!
The vampire mosquito bites you but does no damage.
The vampire mosquito bites you!
* * * LOW HITPOINT WARNING * * *
The vampire mosquito draws strength from your injuries!
You block the vampire mosquito's attack.
Unknown command.
Unknown command.
Unknown command.
Unknown command.
Okay, then.
Unknown command.
Okay, then.
Okay, then.
Unknown command.
Press: ? - help, v - describe, . - travel
Here: a vampire mosquito The floor, spattered with blood.
Unknown command.
Okay, then.
Unknown command.
Unknown command.
You fade into invisibility!
The vampire mosquito bites you but does no damage.
The vampire mosquito closely misses you. x2
The vampire mosquito bites you!
You die...

# .. #... #.#.
... #.## ###
###
#.###@#######.
...
#...yyyo......
#.#
##.############
#..###.##
#...## { ##.##
##.## #.# .....
#.# #.# #.# #.#
#.#
###########.#
............#
#############


You could see Urug (unable to see you) and 3 vampire mosquitoes.

Vanquished Creatures
  Maurice (D:8)
  Maggie (D:8)
  A troll (D:12)
  Prince Ribbit (D:8)
  Grinder (D:4)
  Sigmund (D:6)
  A shadow (D:9)
  6 yaks
  4 wraiths
  Menkaure (D:6)
  A water moccasin (D:8)
  A sky beast (D:7)
  2 black bears
  2 orc warriors
  3 ogres
  2 centaurs
  2 kobold brigands
  Blork the orc (D:6)
  2 bullfrogs
  3 scorpions
  3 killer bees (D:8)
  An electric eel (D:8)
  2 hounds
  4 jellies
  3 orc priests
  Crazy Yiuf (D:6)
  Ijyb (D:3)
  5 sleepcaps
  4 iguanas (D:5)
  3 orc wizards
  3 gnolls (D:3)
  12 adders
  2 shadow imps (D:6)
  2 white imps
  2 ufetubi
  4 worms
  4 dart slugs
  23 orcs
  A bat (D:1)
  7 endoplasms
  3 giant cockroaches (D:3)
  5 goblins
  8 hobgoblins
  4 jackals (D:2)
  16 kobolds
  11 quokkas
  10 ball pythons
  3 frilled lizards (D:3)
  3 rats
187 creatures vanquished.

Notes
Turn   | Place    | Note
-------+----------+-------------------------------------------
     0 | D:5      | petzl the Formicid Delver began the quest for the Orb.
     0 | D:5      | Reached XP level 1. HP: 18/18 MP: 1/1
     5 | D:5      | Noticed Grinder
     5 | D:5      | Noticed a sleepcap
    13 | D:6      | Noticed a bullfrog
    73 | D:5      | Noticed an iguana
   102 | D:5      | Identified the +1 ring mail of Orghiv {rF+ rC+ rCorr Str+3}
   232 | D:3      | Noticed Ijyb
   290 | D:2      | Reached XP level 2. HP: 24/24 MP: 2/2
   331 | D:1      | Reached skill level 1 in Shields
   429 | D:1      | Reached skill level 1 in Spellcasting
   540 | D:1      | Reached XP level 3. HP: 29/29 MP: 4/4
   636 | D:1      | Reached skill level 1 in Armour
  1257 | D:2      | Found Buheta's Distillery.
  1262 | D:2      | Bought a potion of degeneration for 13 gold pieces
  1419 | D:2      | Reached XP level 4. HP: 30/35 MP: 6/6
  1648 | D:2      | Found a faded altar of an unknown god.
  1844 | D:3      | Learned a level 3 spell: Stone Arrow
  2055 | D:3      | Reached XP level 5. HP: 21/41 MP: 7/7
  2152 | D:3      | Found a bloodstained altar of Trog.
  2177 | D:3      | Found Umodd's Weapon Shoppe.
  2223 | D:3      | Bought a +1 rapier of venom for 129 gold pieces
  2557 | D:3      | Reached skill level 1 in Earth Magic
  2654 | D:3      | Killed Ijyb
  3022 | D:4      | Reached skill level 1 in Evocations
  3022 | D:4      | Reached XP level 6. HP: 42/47 MP: 9/9
  3104 | D:4      | Noticed a black bear
  3114 | D:4      | Killed a black bear
  3115 | D:4      | Reached skill level 1 in Conjurations
  3176 | D:4      | Reached XP level 7. HP: 45/52 MP: 11/11
  3459 | D:4      | Identified the +6 dagger of Zeex {flame, Fragile rElec
                  | rCorr Int+3}
  3910 | D:5      | Reached XP level 8. HP: 58/58 MP: 13/13
  3947 | D:5      | Reached skill level 7 in Stealth
  3971 | D:5      | Reached skill level 5 in Shields
  4075 | D:5      | Found a staircase to the Ecumenical Temple.
  4129 | Temple   | Found a transporter.
  4129 | Temple   | Found a transporter.
  4129 | Temple   | Found a transporter.
  4129 | Temple   | Found a transporter.
  4129 | Temple   | Entered the Ecumenical Temple
  4193 | Temple   | Became a worshipper of Vehumet
  4271 | D:4      | Killed Grinder
  4662 | D:5      | Found a burning altar of Makhleb.
  4662 | D:5      | Found a glowing silver altar of Zin.
  4663 | D:5      | Noticed an angel
  4663 | D:5      | Noticed a blizzard demon
  5084 | D:6      | Noticed Sigmund
  5085 | D:6      | Noticed Menkaure
  5141 | D:6      | Reached XP level 9. HP: 44/64 MP: 15/15
  5340 | D:6      | Noticed Blork the orc
  5345 | D:6      | Killed Blork the orc
  5346 | D:6      | Reached skill level 1 in Ranged Weapons
  5489 | D:6      | Killed Sigmund
  5496 | D:6      | Killed Menkaure
  5497 | D:6      | Reached skill level 5 in Spellcasting
  5805 | D:6      | Found a runed translucent door.
  5806 | D:6      | Noticed Crazy Yiuf
  5823 | D:6      | Killed Crazy Yiuf
  6148 | D:7      | Reached skill level 8 in Stealth
  6503 | D:6      | Reached XP level 10. HP: 28/70 MP: 19/19
  6780 | D:7      | Identified a scroll of acquirement
  6803 | D:7      | Reached skill level 5 in Armour
  6806 | D:7      | Reached * piety under Vehumet
  6806 | D:7      | Offered knowledge of Kiss of Death by Vehumet.
  7038 | D:7      | Noticed Duvessa
  7038 | D:7      | Noticed Dowan
  7088 | D:7      | Found a large runed translucent door.
  7090 | D:7      | Found a large runed translucent door.
  7216 | D:7      | Learned a level 1 spell: Kiss of Death
  7240 | D:8      | Found Koicytawo's Weapon Emporium.
  7243 | D:8      | Found Bunnan's Armour Shoppe.
  7244 | D:8      | Found Zityimoe's General Store.
  7245 | D:8      | Found Ogriliw's Magic Scroll Shop.
  7254 | D:8      | Bought a scroll of identify for 30 gold pieces
  7256 | D:8      | Bought a scroll of identify for 28 gold pieces
  7256 | D:8      | Bought a scroll of identify for 28 gold pieces
  7256 | D:8      | Bought a scroll of identify for 28 gold pieces
  7261 | D:8      | Bought a scroll of identify for 28 gold pieces
  7261 | D:8      | Bought 2 scrolls of identify for 56 gold pieces
  7579 | D:8      | Noticed Maurice
  7624 | D:8      | Killed Maurice
  7645 | D:8      | Acquired the ring of Lust {rF+ Will+ Int+2}
  7710 | D:8      | Reached skill level 9 in Stealth
  7977 | D:8      | Noticed Joseph
  7991 | D:8      | You fall into a shaft and drop 1 floor!
  8406 | D:8      | Noticed Prince Ribbit
  8452 | D:8      | Killed Prince Ribbit
  8497 | D:8      | Noticed Maggie
  8513 | D:8      | Killed Maggie
  8514 | D:8      | Reached skill level 5 in Conjurations
  8611 | D:8      | Found a glowing golden altar of the Shining One.
  8887 | D:10     | Entered Level 10 of the Dungeon
  8887 | D:10     | Noticed a two-headed ogre
  8916 | D:9      | Noticed a kobold demonologist
  8930 | D:9      | You fall into a shaft and drop 2 floors!
  9170 | D:11     | Reached skill level 5 in Dodging
  9188 | D:11     | Noticed Josephine
  9355 | D:12     | Noticed a gargoyle
  9399 | D:12     | Reached XP level 11. HP: 75/75 MP: 20/22
  9416 | D:13     | Noticed Urug
  9681 | D:12     | HP: 1/73 [vampire mosquito (10)]
  9682 | D:12     | Mangled by a vampire mosquito

Illustrated notes

Levels and vault maps discovered:
D:1:      minmay_arrival_diagonal_passages, layout_rooms
D:2:      layout_basic, serial_shops, nicolae_shop_tiny_real_fake_doors,
          dilly_ecumenical_altar_fadedgnrine
D:3:      layout_basic, mainiacjoe_overflow_alcove_2, serial_shops, shop,
          gup_sewer_entry_pipe, uniq_ijyb
D:4:      cheibrodos_barr_body, layout_loops_ring
D:5:      layout_loops_ring, grunt_temple_overflow_order_and_chaos_2,
          minmay_temple_entry_arrows, st_stairs_7, uniq_grinder
D:6:      layout_loops_ring, uniq_sigmund, uniq_blork_the_orc,
          uniq_crazy_yiuf_cottage, uniq_menkaure
D:7:      layout_cave_pools, jmf_multi_god_temple2, serial_park,
          serial_park_square2, serial_park_square2, serial_park_gazebo
          [serial_park_minivault_5x5_7], uniq_duvessa
D:8:      layout_loops_cross, mainiacjoe_overflow_catwalk,
          nicolae_wooded_promenade, uniq_maggie, uniq_joseph,
          uniq_prince_ribbit1, uniq_maurice
D:9:      minmay_the_grid_plus_closed [minmay_the_grid_x,
          minmay_the_grid_minigrid_medium, minmay_the_grid_tree,
          minmay_the_grid_outer_diamond, minmay_the_grid_prize_diamond_cup],
          layout_rooms, grunt_ashenzari_visionary
          [grunt_ashenzari_visionary_swamp, grunt_ashenzari_visionary_spider],
          erik_lair_orcish_takeover, orc_0_dummy
D:10:     layout_basic, serial_shops, nicolae_shop_dealshenge
D:11:     layout_cave_pools, nicolae_trove_entry_free_sample, uniq_nergalle,
          uniq_erolcha, uniq_josephine
D:12:     layout_loops_ring
D:13:     layout_rooms, grunt_vaults_entry_fortified,
          corexii_hall_statues_deadend, uniq_urug, uniq_rupert
Temple:   hellmonk_temple_divided_pantheon

Skill      XL: |  1  2  3  4  5  6  7  8  9 10 |
---------------+-------------------------------+-----
Shields        | 1 2 3 4 6 |  6.0
Dodging        | 2 3 4 5 |  5.0
Spellcasting   | 1 2 3 4 6 7 |  7.3
Armour         | 1 2 3 4 6 |  6.0
Earth Magic    | 1 2 3 4 |  4.2
Evocations     | 1 2 3 |  3.0
Conjurations   | 1 2 3 5 |  5.7
Stealth        | 7 8 9 |  9.0
Ranged Weapons | 2 4 |  4.4
Fighting       | |  3.2
Maces & Flails | |  2.0
Necromancy     | |  0.4

Action                     |  1- 3 |  4- 6 |  7- 9 | 10-12 || total
---------------------------+-------+-------+-------+-------++-------
  Melee: Mace              |    74 |       |       |       ||    74
         Quarterstaff      |    20 |    56 |       |    23 ||    99
         Rapier            |       |    71 |   233 |   112 ||   416
         Dagger            |       |     4 |     3 |    11 ||    18
         Hand axe          |       |       |       |     2 ||     2
   Fire: Orcbow            |       |       |    39 |       ||    39
         Arbalest          |       |       |    21 |    76 ||    97
  Throw: Throwing net      |       |       |       |     2 ||     2
Ability: Dig               |       |     1 |     1 |     3 ||     5
         Shaft Self        |       |       |       |     2 ||     2
  Evoke: Wand              |       |       |     1 |     4 ||     5
    Use: Scroll            |     2 |     2 |     2 |    13 ||    19
         Potion            |       |       |       |     5 ||     5
   Stab: Sleeping          |    11 |     8 |     7 |       ||    26
         Distracted        |       |     1 |       |       ||     1
         Paralysed         |       |       |     1 |     2 ||     3
 Armour: Ring mail         |    46 |    48 |    96 |    78 ||   268
  Dodge: Dodged            |    56 |    76 |   136 |   102 ||   370
  Block: Buckler           |    16 |    28 |    62 |    45 ||   151

Table legend: (Time is in decaauts)
 A = Elapsed time spent in this place.
 B = Non-inter-level travel time spent in this place.
 C = Inter-level travel time spent in this place.
 D = Time resting spent in this place.
 E = Time spent auto-exploring this place.
 F = Levels seen in this place.
 G = Mean time per level.
                   A        B        C        D        E       F      G
               +--------+--------+--------+--------+--------+-----+--------+
         Total |   9908 |   9550 |    358 |   2246 |   3858 |  14 |  707.7 |
       Dungeon |   9825 |   9467 |    358 |   2246 |   3858 |  13 |  755.8 |
        Temple |     82 |     82 |      0 |      0 |      0 |   1 |   82.0 |
               +--------+--------+--------+--------+--------+-----+--------+

Top non-repeatable levels by time:
     D:6: 1493 daAuts
     D:8: 1300 daAuts
     D:2: 1172 daAuts
     D:3: 1142 daAuts
     D:5: 1126 daAuts
     D:4: 1026 daAuts
     D:7: 847 daAuts
     D:1: 505 daAuts
     D:9: 444 daAuts
    D:12: 441 daAuts
    D:11: 277 daAuts
  Temple: 82 daAuts
    D:13: 45 daAuts
    D:10: 1 daAuts
